 Dungeon Crawl Stone Soup version 0.28.0-49-g6dfe1f597d (webtiles) character file.

Game seed: 12048235309486378706

430 hawla the Firebug (level 6, -6/26 HPs)
             Began as a Felid Fire Elementalist on May 19, 2022.
             Was an Initiate of Vehumet.
             Mangled by a hornet (11 damage)
             ... on level 7 of the Dungeon.
             The game lasted 00:11:13 (7537 turns).

hawla the Firebug (Felid Fire Elementalist)         Turns: 7537, Time: 00:11:13

Health: -6/26      AC:  2    Str:  4    XL:     6   Next: 66%
Magic:  7/10       EV: 19    Int: 19    God:    Vehumet [......]
Gold:   307        SH:  0    Dex: 16    Spells: 3/10 levels left
                                        Lives:  0   Deaths: 2

rFire   + . .      SeeInvis +     - Unarmed
rCold   . . .      Faith    .   (shield unavailable)
rNeg    . . .      Spirit   .   (armour unavailable)
rPois   .          Reflect  .   (helmet unavailable)
rElec   .          Harm     .   (cloak unavailable)
rCorr   .          Rampage  .   (gloves unavailable)
Will    .....                   (boots unavailable)
Stlth   +++.......              (no amulet)
HPRegen 0.08/turn               j - ring of protection from fire
MPRegen 0.12/turn               k - ring of flight

@: flying, very slightly contaminated, slowed, slow
A: very small, claws 1, fangs 3, see invisible, speed 1, shaggy fur 2, stealthy
paws, no weapons or thrown items, no armour, multi-lived
a: Renounce Religion


You were on level 7 of the Dungeon.
You worshipped Vehumet.
Vehumet was noncommittal.
You visited 2 branches of the dungeon, and saw 9 of its levels.

You collected 307 gold pieces.

Inventory:

Jewellery
 j - a ring of protection from fire (left paw)
 k - a ring of flight (right paw)
Wands
 n - a wand of mindburst (23)
 o - a wand of flame (23)
Scrolls
 f - a scroll of holy word
 h - a scroll of magic mapping
 m - a scroll of vulnerability
Potions
 a - a potion of attraction
 b - a potion of resistance
 d - a potion of berserk rage
 g - a potion of might


   Skills:
 + Level 1.7 Fighting
 + Level 5.6 Dodging
 - Level 3.6 Stealth
 + Level 4.1 Unarmed Combat
 - Level 2.5 Spellcasting
 * Level 4.0 Conjurations
 + Level 6.2 Fire Magic


You had 3 spell levels left.
You knew the following spells:

 Your Spells              Type           Power      Damage    Failure   Level
a - Foxfire               Conj/Fire      84%        2x1d8     1%          1
b - Scorch                Fire           52%        2d7       1%          2
c - Flame Wave            Conj/Fire      21%        2d7       19%         4

Your spell library contained the following spells:

 Spells                   Type           Power      Damage    Failure   Level
 Conjure Flame            Conj/Fire      21%        6-21      6%          3
 Inner Flame              Hex/Fire       14%        N/A       13%         3
 Sublimation of Blood     Necr           2%         N/A       24%         2
 Wereblood                Tmut           2%         N/A       24%         2
 Summon Hydra             Summ           1%         N/A       100%        7


Dungeon Overview and Level Annotations

Branches:
Dungeon (8/15)             Temple (1/1) D:7
   Lair: D:8-11

Altars:
Ashenzari
Cheibriados
Dithmenos
Elyvilon
Fedhas
Gozag
Hepliaklqana
Kikubaaqudgha
Makhleb
Nemelex Xobeh
Okawaru
Qazlal
Ru
Sif Muna
Trog
Uskayaw
Vehumet
Wu Jian
Xom
Yredelemnul
Zin
The Shining One

Shops:
D:7 (


Innate Abilities, Weirdness & Mutations

You have sharp claws.
You have razor-sharp teeth.
You have supernaturally acute eyesight. (SInv)
You cover ground quickly. (Speed+)
You are covered in thick fur. (AC +2)
Your paws help you pounce on unaware monsters.
You are incapable of wielding weapons or throwing items.
You cannot wear armour.
You gain extra lives every three experience levels.


Message History

Vehumet welcomes you!
(D) Dungeon (T) Temple
Where to? (Enter - Temple @ (x,y), ? - help)
What level of the Dungeon? (default 7, ? - help)
There is a staircase back to the Dungeon here.
You fly upwards.
Welcome back to the Dungeon!
There is a staircase to the Ecumenical Temple here.
A bullfrog is nearby!
Casting: Foxfire (safe; 1% risk of failure)
Confirm with . or Enter, or press ? or * to list all spells.
You conjure some foxfire!
The bullfrog barely misses you.
Casting: Foxfire (safe; 1% risk of failure)
Confirm with . or Enter, or press ? or * to list all spells.
Flames lash the bullfrog.
The bullfrog is severely wounded.
The bullfrog's fire resistance burns away.
The foxfire hits the bullfrog.
The bullfrog is burned terribly!
The bullfrog is almost dead.
The foxfire hits the bullfrog!
The bullfrog is burned terribly!
You kill the bullfrog!
Vehumet accepts your kill.
Your Conjurations skill increases to level 4!
Casting: Scorch (safe; 1% risk of failure)
Confirm with . or Enter, or press ? or * to list all spells.
You miscast Foxfire.
You are very lightly contaminated with residual magic.
Nothing appears to happen.
Unknown command.
As you read the scroll labelled VORPHI GYRGHEIB, it crumbles to dust.
The creatures around you are filled with an inner flame!
It was a scroll of immolation.
The hornet completely misses you.
The white imp shouts, "Crawl home, thou defiled idle-headed giglet!"
The hornet stings you!
Ouch! That really hurt!
You feel yourself slow down. The hornet stings you!
* * * LOW HITPOINT WARNING * * *
You feel as though you will be slow longer.
The hornet stings you!
You die...

.## ..# .... ##..#
....# ##...####
.#.##.....###....#..#
....#...............#
##.... #....##......##
##....##
##........!###
.......#.##.#...@....#
.......... #.#y8.#..#
.......<....##.......#
.F†...##.....58.>.8..#
.>.............?....##
#.....###.....#.8.#.#
##.....###........:.#
..........#.#.###.##
.........##... ##


You could see a hornet (inner flame) and a white imp (inner flame).

Vanquished Creatures
  An orc warrior (D:7)
  A black bear (D:4)
  A necrophage (D:6)
  A phantom (D:5)
  2 bullfrogs (D:7)
  3 scorpions
  A wyvern skeleton (D:5)
  2 water moccasin skeletons (D:6)
  A howler monkey (D:5)
  A bullfrog zombie (D:6)
  3 hounds
  A bullfrog skeleton (D:6)
  A centaur skeleton (D:6)
  2 iguanas
  3 orc wizards
  5 adders
  2 white imps (D:5)
  An adder skeleton (D:4)
  3 worms
  A dart slug (D:2)
  6 orcs
  9 bats
  8 endoplasms
  A giant cockroach (D:1)
  3 goblins
  6 hobgoblins
  5 jackals
  5 quokkas
  9 ball pythons
  5 frilled lizards
  3 kobolds
  6 rats
102 creatures vanquished.

Vanquished Creatures (others)
  181 foxfires
181 creatures vanquished.

Grand Total: 283 creatures vanquished

Notes
Turn   | Place    | Note
-------+----------+-------------------------------------------
     0 | D:1      | hawla the Felid Fire Elementalist began the quest for the
                  | Orb.
     0 | D:1      | Reached XP level 1. HP: 7/7 MP: 4/4
   604 | D:1      | Reached XP level 2. HP: 11/11 MP: 6/6
   607 | D:1      | Learned a level 2 spell: Scorch
   929 | D:1      | Found a faded altar of an unknown god.
  1248 | D:1      | Reached skill level 3 in Fire Magic
  1868 | D:2      | Reached skill level 1 in Conjurations
  1928 | D:2      | Reached XP level 3. HP: 9/14 MP: 5/7
  2759 | D:3      | Found an iron altar of Okawaru.
  2767 | D:3      | Reached XP level 4. HP: 18/18 MP: 1/8
  2839 | D:3      | Learned a level 4 spell: Flame Wave
  3255 | D:3      | Reached skill level 1 in Unarmed Combat
  4412 | D:4      | Reached XP level 5. HP: 21/21 MP: 6/9
  4872 | D:4      | Noticed a black bear
  4882 | D:4      | Killed a black bear
  4883 | D:4      | Gained mutation: You are covered in thick fur. (AC +2)
                  | [Felid growth]
  4883 | D:4      | Reached XP level 6. HP: 25/25 MP: 2/10
  5067 | D:4      | Identified the +7 hunting sling "Eskaor" {vorpal, Stlth+}
  5249 | D:5      | Entered Level 5 of the Dungeon
  5289 | D:5      | Reached skill level 4 in Fire Magic
  5771 | D:5      | Reached XP level 7. HP: 21/28 MP: 2/11
  5884 | D:5      | Reached skill level 1 in Fighting
  6423 | D:6      | Reached skill level 5 in Fire Magic
  6453 | D:6      | Reached skill level 5 in Dodging
  7099 | D:6      | Reached XP level 8. HP: 29/32 MP: 4/12
  7268 | D:7      | Found Niwe Aty's Antique Weapon Boutique.
  7343 | D:7      | Slain by an orc warrior
  7344 | D:7      | Reached XP level 7. HP: -2/42 MP: 7/11
  7380 | D:7      | Reached skill level 6 in Fire Magic
  7391 | D:8      | HP: 1/28 [bullfrog (8)]
  7417 | D:7      | Killed from afar by a white imp
  7418 | D:7      | Reached XP level 6. HP: 0/25 MP: 1/10
  7418 | D:7      | Found a staircase to the Ecumenical Temple.
  7419 | D:7      | Noticed a hornet
  7427 | Temple   | Entered the Ecumenical Temple
  7517 | Temple   | Became a worshipper of Vehumet
  7537 | D:7      | Mangled by a hornet

Illustrated notes

Levels and vault maps discovered:
D:1:      roderic_octagonal_star, layout_loops_ring,
          ebering_ecumenical_altar_hall, chequers_jeans
D:2:      layout_basic, serial_corexii_hall, corexii_hall_statues_i,
          chequers_hall_statues_corner_a, st_stairs_9
D:3:      layout_loops_ring, okawaru_ov_weapons_minmay
D:4:      layout_cave_pods, serial_bayou_crossing
D:5:      layout_cave_pools, feat_on_display
D:6:      layout_rooms
D:7:      layout_cave_pools, minmay_temple_entry_statues_pillars, serial_shops,
          shop, serial_gnoll_camp, grums_kennel, gnoll_camp_mini_shop,
          gnoll_camp_mini_basic, gnoll_camp_mini_shop
D:8:      lemuel_ratsnest, layout_rooms, uniq_psyche
Temple:   dpeg_three_leaves_temple

Skill      XL: |  1  2  3  4  5  6  7 |
---------------+----------------------+-----
Dodging        | 3 4 5 |  5.6
Fire Magic     | 3 4 6 |  6.2
Stealth        | 3 |  3.6
Conjurations   | 1 2 4 3 |  4.0
Unarmed Combat | 1 2 3 4 |  4.1
Fighting       | 1 |  1.7
Spellcasting   | |  2.5

Action                   |  1- 3 |  4- 6 |  7- 9 || total
-------------------------+-------+-------+-------++-------
Melee: Unarmed           |    55 |    55 |    41 ||   151
       Bite              |     2 |     3 |     7 ||    12
       Punch             |       |     3 |     2 ||     5
 Cast: Foxfire           |    45 |    35 |    30 ||   110
       Scorch            |     9 |    21 |    23 ||    53
  Use: Scroll            |     4 |     5 |     5 ||    14
       Potion            |       |       |     5 ||     5
 Stab: Sleeping          |     5 |     4 |     2 ||    11
Armor: Skin              |     9 |     8 |    29 ||    46
Dodge: Dodged            |    58 |    68 |    68 ||   194
